Moose vs Phantoms
Created - December 19, 2022 at 19:00
Goals
|
| Moose |
1 |
3 |
2 |
6 |
| Phantoms |
1 |
3 |
0 |
4 |
|
Shots
|
| Moose |
9 |
17 |
7 |
33 |
| Phantoms |
13 |
8 |
12 |
33 |
|
1st period
1. Phantoms , Michael Bournival 9 (Nick Shore 17, Alex DeBrincat 17) at 6:58 (PP)
2. Moose , Nathan Walker 10 (Dylan Strome 22, Lane MacDermid 2) at 17:53
Penalties :
Juuso Valimaki (Man) for Holding (Minor) at 6:41
2nd period
3. Moose , Julien Gauthier 5 (Chase De Leo 9, Mirco Mueller 6) at 0:54
4. Moose , Chase De Leo 1 (Matthew Benning 2) at 2:00
5. Moose , Julien Gauthier 6 (C.J. Smith 4) at 5:07
6. Phantoms , Nick Shore 8 (Michael Bournival 7, Alex DeBrincat 18) at 8:30 (PP)
7. Phantoms , Joe Snively 8 (Morgan Klimchuk 12) at 9:27
8. Phantoms , Cristoval Nieves 9 (Erik Nystrom 9) at 19:58
Penalties :
Nick Shore (Leh) for High sticking (Minor) at 2:25, Jake Leschyshyn (Man) for Tripping (Minor) at 8:25
3rd period
9. Moose , Michael McLeod 7 (Juuso Valimaki 3) at 2:07
10. Moose , Michael McLeod 8 (Julien Gauthier 5, Brandon Halverson) at 11:17
Penalties :
Nick Shore (Leh) for Hooking (Minor) at 2:10, Erik Cernak (Man) for Hooking (Minor) at 4:47, Nick Shore (Leh) for Interference (Minor) at 4:50, Michael McLeod (Man) for Holding (Minor) at 9:12, Morgan Klimchuk (Leh) for Tripping (Minor) at 15:45, Erik Cernak (Man) for Tripping (Minor) at 19:49
Goalie Stats
Brandon Halverson (Man), 29 saves from 33 shots - (0.879), W, 7-5-0, 60:00 minutes
Anton Forsberg (Leh), 9 saves from 13 shots - (0.692), 25:07 minutes
Zachary Fucale (Leh), 18 saves from 20 shots - (0.900), L, 4-3-1, 34:53 minutes
Players Stats for Moose
Player Name G A P +/- PIM S H SB GA TA FO MP PP MP PK MP
------------------------------------------------------------------------------------
Boris Katchouk 0 0 0 0 0 0 1 0 0 0 0/0 8:59 0:00 0:00
C.J. Smith 0 1 1 3 0 0 0 0 0 0 0/1 10:28 0:00 0:00
Chase De Leo 1 1 2 2 0 2 1 0 1 0 4/6 12:33 2:34 0:00
Dylan Strome 0 1 1 1 0 1 0 0 0 0 13/38 20:13 3:24 0:00
Erik Cernak 0 0 0 1 4 2 2 1 1 2 0/0 23:48 1:54 0:43
Jake Leschyshyn 0 0 0 1 2 0 1 0 0 1 4/7 10:28 0:02 1:05
Jordan Greenway 0 0 0 0 0 3 1 0 0 0 0/0 17:22 3:24 0:42
Julien Gauthier 2 1 3 3 0 3 0 0 0 0 1/1 10:59 0:00 0:54
Juuso Valimaki 0 1 1 3 2 1 0 2 0 0 0/0 13:04 0:00 0:00
Lane MacDermid 0 1 1 1 0 3 0 1 0 0 0/0 16:54 0:00 0:00
Ludwig Bystrom 0 0 0 1 0 2 1 1 1 2 0/0 25:36 4:05 1:51
Mathieu Joseph 0 0 0 0 0 3 6 0 1 1 0/1 16:54 2:34 0:00
Matthew Benning 0 1 1 3 0 1 0 1 0 2 0/0 16:17 1:55 0:00
Michael McLeod 2 0 2 0 2 5 1 0 1 0 5/17 18:10 2:34 0:35
Mirco Mueller 0 1 1 0 0 0 0 1 0 1 0/0 20:11 0:03 1:51
Nathan Walker 1 0 1 1 0 3 2 1 0 2 1/3 23:09 3:26 1:52
Nick Merkley 0 0 0 0 0 2 0 0 0 0 1/1 9:17 0:00 0:00
Roman Josi 0 0 0 0 0 2 2 2 0 0 0/0 21:03 4:05 0:43
Players Stats for Phantoms
Player Name G A P +/- PIM S H SB GA TA FO MP PP MP PK MP
------------------------------------------------------------------------------------
A.J. Greer 0 0 0 0 0 0 0 0 0 0 0/0 0:52 0:00 0:52
Alex DeBrincat 0 2 2 0 0 7 0 2 3 0 2/3 22:47 1:43 3:31
Anthony Angello 0 0 0 0 0 0 0 0 0 0 0/0 2:30 0:00 1:57
Blake Heinrich 0 0 0 -2 0 0 0 2 0 1 0/0 19:04 1:00 2:09
Brendan Leipsic 0 0 0 -2 0 3 0 0 0 0 0/0 6:50 0:00 0:04
Brenden Kichton 0 0 0 0 0 0 2 0 0 0 0/0 9:47 0:00 0:00
Brett Murray 0 0 0 0 0 0 0 0 0 0 0/0 0:00 0:00 0:00
Cal Foote 0 0 0 0 0 0 0 0 0 0 0/0 4:42 0:00 0:00
Cristoval Nieves 1 0 1 -2 0 2 3 0 2 1 2/4 12:21 0:00 0:00
David Kampf 0 0 0 0 0 0 0 0 0 0 0/0 0:48 0:00 0:00
Devon Teows 0 0 0 -2 0 4 2 1 0 0 0/0 19:04 1:00 2:09
Erik Nystrom 0 1 1 -2 0 2 1 0 2 0 1/1 12:21 0:00 0:00
Jake Dotchin 0 0 0 -2 0 2 2 2 1 1 0/0 26:27 1:34 3:51
JC Lipon 0 0 0 -2 0 0 1 0 0 0 0/0 6:43 0:00 0:00
Joe Snively 1 0 1 0 0 3 2 1 0 0 7/15 14:25 0:51 0:00
Laurent Dauphin 0 0 0 0 0 0 0 0 0 0 0/0 0:39 0:00 0:00
Lucas Wallmarkk 0 0 0 -2 0 0 1 0 1 0 2/3 6:43 0:00 0:00
Michael Bournival 1 1 2 0 0 3 1 0 1 0 2/6 22:49 1:43 3:33
Mikko Lehtonen 0 0 0 0 0 0 1 0 0 0 0/0 4:42 0:00 0:00
Morgan Klimchuk 0 1 1 0 2 2 0 1 0 0 0/0 14:27 0:51 0:00
Nick Shore 1 1 2 0 6 2 1 0 0 0 29/40 18:59 1:42 0:27
Nick Sorensen 0 0 0 -2 0 0 0 0 0 0 0/0 12:21 0:00 0:00
Reid McNeill 0 0 0 -2 0 1 0 1 1 1 0/0 26:27 1:34 3:51
Rinat Valiev 0 0 0 0 0 0 0 0 0 1 0/0 9:47 0:00 0:00
Sven Andrighetto 0 0 0 0 0 2 0 0 0 0 1/3 16:25 0:51 1:36
3 Stars
1 - Julien Gauthier (Man)
2 - Chase De Leo (Man)
3 - Michael McLeod (Man)
Power Play
Moose - 0 on 4 Attempt(s) - 0.00%
Phantoms - 2 on 5 Attempt(s) - 40.00%
Penalty Kill
Moose - 3 on 5 Attempt(s) - 60.00%
- Score 0 goal in Penalty Kill
Phantoms - 4 on 4 Attempt(s) - 100.00%
- Score 0 goal in Penalty Kill
Team Stat
Moose - Hits : 18 - Faceoff Wins : 29 - Blocked Shots : 10 - Penalty Minutes : 10
Phantoms - Hits : 17 - Faceoff Wins : 46 - Blocked Shots : 10 - Penalty Minutes : 8
Official
Referees : Dan O'Rourke and Trevor Hanson
Linesman : Travis Toomey and Devin Berg
Game Notes
Zachary Fucale enters game at 5:07 of 2nd period
Finance
Level 1 -- Attendance: 1807 (90.35%) -- Ticket Income $63,245
Level 2 -- Attendance: 592 (59.20%) -- Ticket Income $11,840
Total Attendance: 2399 (79.97%)
Total Ticket Income: $75,085
Other Income: $3,754
Total Income: $78,839
Moose
5 vs 5 Forward
Center Left Wing Right Wing Time % Phy DF OF
1 Dylan Strome Lane MacDermid Nathan Walker 40 1 2 2
2 Michael McLeod Jordan Greenway Mathieu Joseph 30 1 2 2
3 Chase De Leo C.J. Smith Julien Gauthier 20 1 2 2
4 Jake Leschyshyn Boris Katchouk Nick Merkley 10 1 2 2
5 vs 5 Defense
Defense Defense Time % Phy DF OF
1 Erik Cernak Ludwig Bystrom 40 1 2 2
2 Roman Josi Mirco Mueller 30 1 2 2
3 Matthew Benning Juuso Valimaki 20 1 2 2
4 Erik Cernak Mirco Mueller 10 1 2 2
PowerPlay Forward
Center Left Wing Right Wing Time % Phy DF OF
1 Dylan Strome Jordan Greenway Nathan Walker 60 1 2 2
2 Chase De Leo Michael McLeod Mathieu Joseph 40 1 2 2
PowerPlay Defense
Defense Defense Time % Phy DF OF
1 Roman Josi Ludwig Bystrom 60 1 2 2
2 Matthew Benning Erik Cernak 40 1 2 2
Penalty Kill 4 Players Forward
Center Wing Time % Phy DF OF
1 Michael McLeod Nathan Walker 60 1 2 2
2 Jake Leschyshyn Mathieu Joseph 40 1 2 2
Penalty Kill 4 Players Defense
Defense Defense Time % Phy DF OF
1 Mirco Mueller Ludwig Bystrom 60 1 2 2
2 Roman Josi Erik Cernak 40 1 2 2
Penalty Kill - 3 Players Forward
Forward Time % Phy DF OF
1 Dylan Strome 60 1 2 2
2 Nathan Walker 40 1 2 2
Penalty Kill - 3 Players Defense
Defense Defense Time % Phy DF OF
1 Matthew Benning Ludwig Bystrom 60 1 2 2
2 Roman Josi Erik Cernak 40 1 2 2
4 vs 4 Forward
Center Wing Time % Phy DF OF
1 Michael McLeod Nathan Walker 60 1 2 2
2 Dylan Strome Mathieu Joseph 40 1 2 2
4 vs 4 Defense
Defense Defense Time % Phy DF OF
1 Roman Josi Ludwig Bystrom 60 1 2 2
2 Matthew Benning Erik Cernak 40 1 2 2
Last Minutes Offensive
Center Left Wing Right Wing Defense Defense
Dylan Strome Jordan Greenway Nathan Walker Roman Josi Ludwig Bystrom
Last Minutes Defensive
Center Left Wing Right Wing Defense Defense
Dylan Strome Jordan Greenway Nathan Walker Erik Cernak Ludwig Bystrom
Goaltenders
Starting : Brandon Halverson
Backup : Filip Gustavsson
Extra Forwards
Normal : Michael McLeod, C.J. Smith, Julien Gauthier - PP : Michael McLeod, C.J. Smith - PK : Julien Gauthier
Extra Defensemen
Normal : Matthew Benning, Mirco Mueller, Roman Josi - PP : Matthew Benning - PK : Mirco Mueller, Roman Josi
Penalty Shots
Dylan Strome, Nathan Walker, Michael McLeod, Mathieu Joseph, Chase De Leo
Scratches
Vinni Lettieri (Healthy), Urho Vaakanainen (Healthy), Mitchell Stephens (Healthy), Nelson Nogier (Healthy), Jonathan Kovacevic (Healthy)
Nikolay Goldobin (Sprained Right Ankle Injury), Jonah Gadjovich (Healthy), Josh Mahura (Healthy), Max Jones (Healthy), Nathan Bastian (Healthy)
William Bitten (Healthy), Tim Gettinger (Healthy), Joey Daccord (Healthy), Karel Vejmelka (Healthy), Daniel Vladar (Healthy)
Phantoms
5 vs 5 Forward
Center Left Wing Right Wing Time % Phy DF OF
1 Nick Shore Michael Bournival Alex DeBrincat 40 1 2 2
2 Joe Snively Morgan Klimchuk Sven Andrighetto 30 1 2 2
3 Cristoval Nieves Erik Nystrom Nick Sorensen 20 1 2 2
4 Lucas Wallmarkk Brendan Leipsic JC Lipon 10 1 2 2
5 vs 5 Defense
Defense Defense Time % Phy DF OF
1 Jake Dotchin Reid McNeill 40 1 2 2
2 Blake Heinrich Devon Teows 30 1 2 2
3 Rinat Valiev Brenden Kichton 20 1 2 2
4 Cal Foote Mikko Lehtonen 10 1 2 2
PowerPlay Forward
Center Left Wing Right Wing Time % Phy DF OF
1 Nick Shore Michael Bournival Alex DeBrincat 60 1 2 2
2 Joe Snively Morgan Klimchuk Sven Andrighetto 40 1 2 2
PowerPlay Defense
Defense Defense Time % Phy DF OF
1 Jake Dotchin Reid McNeill 60 1 2 2
2 Blake Heinrich Devon Teows 40 1 2 2
Penalty Kill 4 Players Forward
Center Wing Time % Phy DF OF
1 Michael Bournival Alex DeBrincat 60 1 2 2
2 Sven Andrighetto Nick Shore 40 1 2 2
Penalty Kill 4 Players Defense
Defense Defense Time % Phy DF OF
1 Jake Dotchin Reid McNeill 60 1 2 2
2 Blake Heinrich Devon Teows 40 1 2 2
Penalty Kill - 3 Players Forward
Forward Time % Phy DF OF
1 Michael Bournival 60 1 2 2
2 Alex DeBrincat 40 1 2 2
Penalty Kill - 3 Players Defense
Defense Defense Time % Phy DF OF
1 Jake Dotchin Reid McNeill 60 1 2 2
2 Blake Heinrich Devon Teows 40 1 2 2
4 vs 4 Forward
Center Wing Time % Phy DF OF
1 Michael Bournival Alex DeBrincat 60 1 2 2
2 Sven Andrighetto Nick Shore 40 1 2 2
4 vs 4 Defense
Defense Defense Time % Phy DF OF
1 Jake Dotchin Reid McNeill 60 1 2 2
2 Blake Heinrich Devon Teows 40 1 2 2
Last Minutes Offensive
Center Left Wing Right Wing Defense Defense
Nick Shore Michael Bournival Alex DeBrincat Jake Dotchin Reid McNeill
Last Minutes Defensive
Center Left Wing Right Wing Defense Defense
Nick Shore Michael Bournival Alex DeBrincat Jake Dotchin Reid McNeill
Goaltenders
Starting : Anton Forsberg
Backup : Zachary Fucale
Extra Forwards
Normal : David Kampf, Laurent Dauphin, Anthony Angello - PP : David Kampf, Laurent Dauphin - PK : Anthony Angello
Extra Defensemen
Normal : Rinat Valiev, Brenden Kichton, Cal Foote - PP : Rinat Valiev - PK : Brenden Kichton, Cal Foote
Penalty Shots
Michael Bournival, Alex DeBrincat, Sven Andrighetto, Nick Shore, Joe Snively
Scratches
Cooper Marody (Healthy), Victor Berglund (Healthy), Fabian Zetterlund (Healthy), Matt Kiersted (Healthy), Riley Stillman (Healthy)
Jason Kasdorf (Healthy), Zachary Sawchenko (Healthy)
% Time on Ice - Moose
Lines # - Real PCT - Wanted PCT - Time Play
Normal Forward
1 - 34% - 40% - 16:54
2 - 29% - 30% - 14:09
3 - 19% - 20% - 9:28
4 - 18% - 10% - 8:59
Normal Defense
1 - 37% - 40% - 18:31
2 - 29% - 30% - 14:36
3 - 26% - 20% - 13:05
4 - 7% - 10% - 3:18
PP Forward
1 - 57% - 60% - 3:26
2 - 43% - 40% - 2:34
PP Defense
1 - 68% - 60% - 4:05
2 - 32% - 40% - 1:55
PK Forward
1 - 100% - 60% - 2:34
2 - 0% - 40% - 0:00
PK Defense
1 - 72% - 60% - 1:51
2 - 28% - 40% - 0:43
PK3 Forward
1 - 0% - 60%
2 - 0% - 40%
PK3 Defense
1 - 0% - 60%
2 - 0% - 40%
44 Forward
1 - 84% - 60% - 1:37
2 - 16% - 40% - 0:19
44 Defense
1 - 59% - 60% - 1:09
2 - 41% - 40% - 0:47
Last Minute Offensive - 0:00
Last Minute Defensive - 0:00
Total
Forward - 60:00
Defense - 60:00
|
% Time on Ice - Phantoms
Lines # - Real PCT - Wanted PCT - Time Play
Normal Forward
1 - 34% - 40% - 16:48
2 - 28% - 30% - 13:38
3 - 25% - 20% - 12:21
4 - 14% - 10% - 6:43
Normal Defense
1 - 40% - 40% - 19:56
2 - 30% - 30% - 15:05
3 - 20% - 20% - 9:47
4 - 9% - 10% - 4:42
PP Forward
1 - 67% - 60% - 1:43
2 - 33% - 40% - 0:51
PP Defense
1 - 61% - 60% - 1:34
2 - 39% - 40% - 1:00
PK Forward
1 - 73% - 60% - 4:24
2 - 27% - 40% - 1:36
PK Defense
1 - 64% - 60% - 3:51
2 - 36% - 40% - 2:09
PK3 Forward
1 - 0% - 60%
2 - 0% - 40%
PK3 Defense
1 - 0% - 60%
2 - 0% - 40%
44 Forward
1 - 83% - 60% - 1:36
2 - 17% - 40% - 0:20
44 Defense
1 - 57% - 60% - 1:06
2 - 43% - 40% - 0:50
Last Minute Offensive - 0:00
Last Minute Defensive - 0:00
Total
Forward - 60:00
Defense - 60:00
|
Play-by-Play
1st period
0:01 of 1st period - Nick Shore wins face-off versus Dylan Strome in neutral zone.
0:10 of 1st period - Snap shot by Nick Shore.
0:10 of 1st period - Shot Misses the Net.
1:05 of 1st period - Mirco Mueller is hit by Cristoval Nieves and loses puck.
1:13 of 1st period - Icing by Roman Josi.
1:14 of 1st period - Nick Shore wins face-off versus Chase De Leo in Moose zone.
1:21 of 1st period - Snap shot by Michael Bournival.
1:21 of 1st period - Shot Misses the Net.
1:42 of 1st period - Icing by Brendan Leipsic.
1:43 of 1st period - Lucas Wallmarkk wins face-off versus Dylan Strome in Phantoms zone.
1:48 of 1st period - Wrist shot by Brendan Leipsic.
1:48 of 1st period - Stopped by Brandon Halverson with a rebound.
1:50 of 1st period - Wrist shot by Lucas Wallmarkk.
1:50 of 1st period - Shot Blocked by Juuso Valimaki.
1:52 of 1st period - Slapshot by Rinat Valiev.
1:52 of 1st period - Shot Misses the Net.
1:54 of 1st period - Slapshot by Brenden Kichton.
1:54 of 1st period - Deflect By Lucas Wallmarkk.
1:54 of 1st period - Shot Misses the Net.
1:54 of 1st period - Puck is out of play.
1:55 of 1st period - Joe Snively wins face-off versus Michael McLeod in Moose zone.
2:52 of 1st period - Snap shot by Brendan Leipsic.
2:52 of 1st period - Shot Blocked by Juuso Valimaki.
2:54 of 1st period - Slapshot by Reid McNeill.
2:54 of 1st period - Shot Blocked by Matthew Benning.
3:18 of 1st period - Slapshot by Erik Nystrom.
3:18 of 1st period - Shot Misses the Net.
3:58 of 1st period - Snap shot by Michael McLeod.
3:58 of 1st period - Stopped by Anton Forsberg with a rebound.
4:20 of 1st period - Devon Teows is hit by Erik Cernak and loses puck.
5:15 of 1st period - Snap shot by Alex DeBrincat.
5:15 of 1st period - Stopped by Brandon Halverson without a rebound.
5:16 of 1st period - Nick Shore wins face-off versus Dylan Strome in Moose zone.
6:06 of 1st period - Snap shot by Erik Nystrom.
6:06 of 1st period - Shot Blocked by Roman Josi.
6:08 of 1st period - Backhand shot by Devon Teows.
6:08 of 1st period - Stopped by Brandon Halverson with a rebound.
6:10 of 1st period - Snap shot by Erik Nystrom.
6:10 of 1st period - Shot Misses the Net.
6:26 of 1st period - Wrist shot by Julien Gauthier.
6:26 of 1st period - Stopped by Anton Forsberg with a rebound.
6:28 of 1st period - Wrist shot by Ludwig Bystrom.
6:28 of 1st period - Deflect By C.J. Smith.
6:28 of 1st period - Shot Blocked by Jake Dotchin.
6:28 of 1st period - Puck is out of play.
6:29 of 1st period - Dylan Strome wins face-off versus Nick Shore in Phantoms zone.
6:41 of 1st period - Minor Penalty to Juuso Valimaki for Holding.
6:42 of 1st period - Nick Shore wins face-off versus Michael McLeod in Moose zone.
6:48 of 1st period - Slapshot by Michael Bournival.
6:48 of 1st period - Shot Misses the Net.
6:58 of 1st period - Wrist shot by Michael Bournival.
6:58 of 1st period - Goal by Michael Bournival - Moose : 0 - Phantoms : 1.
6:59 of 1st period - Nick Shore wins face-off versus Dylan Strome in neutral zone.
7:07 of 1st period - Off-side.
7:08 of 1st period - Nick Shore wins face-off versus Dylan Strome in neutral zone.
7:13 of 1st period - Wrist shot by Nick Shore.
7:13 of 1st period - Shot Misses the Net.
7:15 of 1st period - Slapshot by Alex DeBrincat.
7:15 of 1st period - Stopped by Brandon Halverson with a rebound.
7:17 of 1st period - Snap shot by Alex DeBrincat.
7:17 of 1st period - Stopped by Brandon Halverson with a rebound.
7:19 of 1st period - Slapshot by Michael Bournival.
7:19 of 1st period - Shot Blocked by Lane MacDermid.
7:21 of 1st period - Slapshot by Reid McNeill.
7:21 of 1st period - Shot Blocked by Ludwig Bystrom.
7:23 of 1st period - Backhand shot by Michael Bournival.
7:23 of 1st period - Stopped by Brandon Halverson without a rebound.
7:24 of 1st period - Joe Snively wins face-off versus Michael McLeod in Moose zone.
7:29 of 1st period - Wrist shot by Sven Andrighetto.
7:29 of 1st period - Stopped by Brandon Halverson without a rebound.
7:30 of 1st period - Michael McLeod wins face-off versus Joe Snively in Moose zone.
7:57 of 1st period - Lane MacDermid is hit by Jake Dotchin and loses puck.
8:33 of 1st period - Wrist shot by Roman Josi.
8:33 of 1st period - Stopped by Anton Forsberg without a rebound.
8:34 of 1st period - Lucas Wallmarkk wins face-off versus Jake Leschyshyn in Phantoms zone.
8:45 of 1st period - Slapshot by Brendan Leipsic.
8:45 of 1st period - Stopped by Brandon Halverson without a rebound.
8:46 of 1st period - Dylan Strome wins face-off versus Nick Shore in Moose zone.
9:51 of 1st period - Icing by Ludwig Bystrom.
9:52 of 1st period - Chase De Leo wins face-off versus Nick Shore in Moose zone.
10:22 of 1st period - Snap shot by Nathan Walker.
10:22 of 1st period - Deflect By Morgan Klimchuk.
10:22 of 1st period - Shot Misses the Net.
10:22 of 1st period - Puck is out of play.
10:23 of 1st period - Joe Snively wins face-off versus Dylan Strome in Phantoms zone.
11:18 of 1st period - Juuso Valimaki is hit by Erik Nystrom and loses puck.
11:35 of 1st period - Slapshot by Matthew Benning.
11:35 of 1st period - Shot Blocked by Devon Teows.
11:37 of 1st period - Slapshot by Juuso Valimaki.
11:37 of 1st period - Shot Blocked by Blake Heinrich.
12:21 of 1st period - Wrist shot by Jordan Greenway.
12:21 of 1st period - Stopped by Anton Forsberg without a rebound.
12:22 of 1st period - Nick Shore wins face-off versus Michael McLeod in Phantoms zone.
12:22 of 1st period - Nick Shore is hit by Mathieu Joseph.
12:38 of 1st period - Snap shot by Mathieu Joseph.
12:38 of 1st period - Stopped by Anton Forsberg without a rebound.
12:39 of 1st period - Dylan Strome wins face-off versus Joe Snively in Phantoms zone.
12:44 of 1st period - Slapshot by Dylan Strome.
12:44 of 1st period - Stopped by Anton Forsberg without a rebound.
12:45 of 1st period - Joe Snively wins face-off versus Dylan Strome in Phantoms zone.
13:14 of 1st period - Snap shot by Jordan Greenway.
13:14 of 1st period - Shot Misses the Net.
13:20 of 1st period - Wrist shot by Michael McLeod.
13:20 of 1st period - Shot Misses the Net.
13:38 of 1st period - Snap shot by Ludwig Bystrom.
13:38 of 1st period - Deflect By Reid McNeill.
13:38 of 1st period - Stopped by Anton Forsberg without a rebound.
13:39 of 1st period - Jake Leschyshyn wins face-off versus Cristoval Nieves in Phantoms zone.
13:46 of 1st period - Reid McNeill is hit by Jake Leschyshyn and loses puck.
14:06 of 1st period - Off-side.
14:07 of 1st period - Nick Shore wins face-off versus Dylan Strome in neutral zone.
14:12 of 1st period - Snap shot by Alex DeBrincat.
14:12 of 1st period - Stopped by Brandon Halverson with a rebound.
14:14 of 1st period - Snap shot by Devon Teows.
14:14 of 1st period - Stopped by Brandon Halverson without a rebound.
14:15 of 1st period - Dylan Strome wins face-off versus Nick Shore in Moose zone.
16:08 of 1st period - Wrist shot by Morgan Klimchuk.
16:08 of 1st period - Stopped by Brandon Halverson with a rebound.
16:10 of 1st period - Snap shot by Morgan Klimchuk.
16:10 of 1st period - Stopped by Brandon Halverson with a rebound.
16:20 of 1st period - Rinat Valiev is hit by Chase De Leo.
16:44 of 1st period - Brenden Kichton is hit by Roman Josi and loses puck.
17:06 of 1st period - Lucas Wallmarkk is hit by Mathieu Joseph and loses puck.
17:19 of 1st period - Lucas Wallmarkk is hit by Nathan Walker and loses puck.
17:40 of 1st period - Ludwig Bystrom is hit by JC Lipon and loses puck.
17:45 of 1st period - Wrist shot by Brendan Leipsic.
17:45 of 1st period - Shot Misses the Net.
17:53 of 1st period - Snap shot by Nathan Walker.
17:53 of 1st period - Goal by Nathan Walker - Moose : 1 - Phantoms : 1.
17:54 of 1st period - Michael McLeod wins face-off versus Alex DeBrincat in neutral zone.
17:57 of 1st period - Snap shot by Mathieu Joseph.
17:57 of 1st period - Stopped by Anton Forsberg with a rebound.
18:07 of 1st period - Snap shot by Michael McLeod.
18:07 of 1st period - Shot Misses the Net.
18:09 of 1st period - Slapshot by Roman Josi.
18:09 of 1st period - Shot Blocked by Alex DeBrincat.
18:40 of 1st period - Wrist shot by Nathan Walker.
18:40 of 1st period - Shot Misses the Net.
18:42 of 1st period - Slapshot by Dylan Strome.
18:42 of 1st period - Shot Misses the Net.
18:44 of 1st period - Slapshot by Lane MacDermid.
18:44 of 1st period - Shot Misses the Net.
19:42 of 1st period - Snap shot by Chase De Leo.
19:42 of 1st period - Shot Misses the Net.
Goals for this period are 1 for Moose vs 1 for Phantoms.
Shots for this period are 9 for Moose vs 13 for Phantoms.
2nd period
0:01 of 2nd period - Nathan Walker wins face-off versus Nick Shore in neutral zone.
0:31 of 2nd period - Blake Heinrich is hit by Mathieu Joseph and loses puck.
0:54 of 2nd period - Snap shot by Julien Gauthier.
0:54 of 2nd period - Goal by Julien Gauthier - Moose : 2 - Phantoms : 1.
0:55 of 2nd period - Nick Shore wins face-off versus Dylan Strome in neutral zone.
0:58 of 2nd period - Wrist shot by Nick Shore.
0:58 of 2nd period - Shot Misses the Net.
1:00 of 2nd period - Snap shot by Nick Shore.
1:00 of 2nd period - Shot Blocked by Nathan Walker.
1:02 of 2nd period - Slapshot by Nick Shore.
1:02 of 2nd period - Stopped by Brandon Halverson without a rebound.
1:03 of 2nd period - Dylan Strome wins face-off versus Nick Shore in Moose zone.
2:00 of 2nd period - Slapshot by Chase De Leo.
2:00 of 2nd period - Goal by Chase De Leo - Moose : 3 - Phantoms : 1.
2:01 of 2nd period - Dylan Strome wins face-off versus Nick Shore in neutral zone.
2:03 of 2nd period - Off-side.
2:04 of 2nd period - Nick Shore wins face-off versus Dylan Strome in neutral zone.
2:25 of 2nd period - Minor Penalty to Nick Shore for High sticking.
2:26 of 2nd period - Dylan Strome wins face-off versus Michael Bournival in Phantoms zone.
2:27 of 2nd period - Slapshot by Nathan Walker.
2:27 of 2nd period - Shot Misses the Net.
2:29 of 2nd period - Wrist shot by Ludwig Bystrom.
2:29 of 2nd period - Shot Misses the Net.
2:31 of 2nd period - Slapshot by Roman Josi.
2:31 of 2nd period - Stopped by Anton Forsberg with a rebound.
3:41 of 2nd period - Mathieu Joseph is hit by Jake Dotchin and loses puck.
4:04 of 2nd period - Jordan Greenway is hit by Devon Teows and loses puck.
4:25 of 2nd period - Penalty to Nick Shore is over, Nick Shore is back on ice.
4:39 of 2nd period - Slapshot by Cristoval Nieves.
4:39 of 2nd period - Shot Blocked by Mirco Mueller.
4:41 of 2nd period - Slapshot by Jake Dotchin.
4:41 of 2nd period - Stopped by Brandon Halverson with a rebound.
4:43 of 2nd period - Slapshot by Jake Dotchin.
4:43 of 2nd period - Shot Misses the Net.
5:07 of 2nd period - Slapshot by C.J. Smith.
5:07 of 2nd period - Deflect By Julien Gauthier.
5:07 of 2nd period - Goal by Julien Gauthier - Moose : 4 - Phantoms : 1.
5:07 of 2nd period - Zachary Fucale enters game.
5:08 of 2nd period - Nick Shore wins face-off versus Dylan Strome in neutral zone.
5:35 of 2nd period - Jordan Greenway is hit by Devon Teows and loses puck.
6:02 of 2nd period - Chase De Leo is hit by Cristoval Nieves and loses puck.
6:19 of 2nd period - Snap shot by Brendan Leipsic.
6:19 of 2nd period - Stopped by Brandon Halverson with a rebound.
7:22 of 2nd period - Snap shot by Michael McLeod.
7:22 of 2nd period - Shot Misses the Net.
7:24 of 2nd period - Wrist shot by Jordan Greenway.
7:24 of 2nd period - Stopped by Zachary Fucale with a rebound.
8:25 of 2nd period - Minor Penalty to Jake Leschyshyn for Tripping.
8:26 of 2nd period - Nick Shore wins face-off versus Michael McLeod in Moose zone.
8:30 of 2nd period - Snap shot by Nick Shore.
8:30 of 2nd period - Goal by Nick Shore - Moose : 4 - Phantoms : 2.
8:31 of 2nd period - Nick Shore wins face-off versus Dylan Strome in neutral zone.
8:45 of 2nd period - Off-side.
8:46 of 2nd period - Michael McLeod wins face-off versus Joe Snively in neutral zone.
8:54 of 2nd period - Wrist shot by Morgan Klimchuk.
8:54 of 2nd period - Shot Misses the Net.
8:56 of 2nd period - Slapshot by Reid McNeill.
8:56 of 2nd period - Deflect By Joe Snively.
8:56 of 2nd period - Stopped by Brandon Halverson without a rebound.
8:57 of 2nd period - Nick Shore wins face-off versus Dylan Strome in Moose zone.
9:12 of 2nd period - Wrist shot by Nathan Walker.
9:12 of 2nd period - Shot Blocked by Jake Dotchin.
9:22 of 2nd period - Mirco Mueller is hit by Joe Snively and loses puck.
9:27 of 2nd period - Wrist shot by Joe Snively.
9:27 of 2nd period - Goal by Joe Snively - Moose : 4 - Phantoms : 3.
9:28 of 2nd period - Nick Shore wins face-off versus Dylan Strome in neutral zone.
9:31 of 2nd period - Erik Cernak is hit by Michael Bournival and loses puck.
9:58 of 2nd period - Brendan Leipsic is hit by Michael McLeod and loses puck.
10:30 of 2nd period - Snap shot by Chase De Leo.
10:30 of 2nd period - Stopped by Zachary Fucale with a rebound.
10:40 of 2nd period - Mirco Mueller is hit by Brenden Kichton and loses puck.
11:02 of 2nd period - Off-side.
11:03 of 2nd period - Nick Shore wins face-off versus Dylan Strome in neutral zone.
12:17 of 2nd period - Slapshot by Lane MacDermid.
12:17 of 2nd period - Stopped by Zachary Fucale without a rebound.
12:18 of 2nd period - Joe Snively wins face-off versus Dylan Strome in Phantoms zone.
12:31 of 2nd period - Slapshot by Jake Dotchin.
12:31 of 2nd period - Shot Misses the Net.
12:43 of 2nd period - Erik Nystrom is hit by Ludwig Bystrom and loses puck.
13:56 of 2nd period - Reid McNeill is hit by Boris Katchouk.
14:29 of 2nd period - Chase De Leo is hit by Nick Shore and loses puck.
14:54 of 2nd period - Nathan Walker is hit by Lucas Wallmarkk and loses puck.
15:11 of 2nd period - Snap shot by Morgan Klimchuk.
15:11 of 2nd period - Shot Misses the Net.
15:21 of 2nd period - Slapshot by Sven Andrighetto.
15:21 of 2nd period - Shot Misses the Net.
15:33 of 2nd period - Erik Nystrom is hit by Erik Cernak and loses puck.
15:42 of 2nd period - Wrist shot by Jordan Greenway.
15:42 of 2nd period - Stopped by Zachary Fucale with a rebound.
16:38 of 2nd period - Snap shot by Michael McLeod.
16:38 of 2nd period - Shot Blocked by Joe Snively.
16:40 of 2nd period - Snap shot by Mathieu Joseph.
16:40 of 2nd period - Shot Blocked by Blake Heinrich.
16:42 of 2nd period - Snap shot by Matthew Benning.
16:42 of 2nd period - Shot Misses the Net.
16:44 of 2nd period - Slapshot by Matthew Benning.
16:44 of 2nd period - Shot Blocked by Morgan Klimchuk.
17:04 of 2nd period - Blake Heinrich is hit by Nathan Walker and loses puck.
17:55 of 2nd period - Snap shot by Mathieu Joseph.
17:55 of 2nd period - Stopped by Zachary Fucale with a rebound.
17:57 of 2nd period - Slapshot by Ludwig Bystrom.
17:57 of 2nd period - Shot Misses the Net.
18:03 of 2nd period - Snap shot by Michael McLeod.
18:03 of 2nd period - Stopped by Zachary Fucale without a rebound.
18:04 of 2nd period - Nick Shore wins face-off versus Dylan Strome in Phantoms zone.
18:33 of 2nd period - Backhand shot by Ludwig Bystrom.
18:33 of 2nd period - Stopped by Zachary Fucale with a rebound.
18:35 of 2nd period - Wrist shot by Erik Cernak.
18:35 of 2nd period - Stopped by Zachary Fucale without a rebound.
18:36 of 2nd period - Nick Shore wins face-off versus Michael McLeod in Phantoms zone.
18:59 of 2nd period - Snap shot by Jordan Greenway.
18:59 of 2nd period - Deflect By Michael McLeod.
18:59 of 2nd period - Stopped by Zachary Fucale without a rebound.
19:00 of 2nd period - Dylan Strome wins face-off versus Joe Snively in Phantoms zone.
19:01 of 2nd period - Slapshot by Lane MacDermid.
19:01 of 2nd period - Stopped by Zachary Fucale with a rebound.
19:03 of 2nd period - Snap shot by Lane MacDermid.
19:03 of 2nd period - Stopped by Zachary Fucale with a rebound.
19:05 of 2nd period - Wrist shot by Matthew Benning.
19:05 of 2nd period - Stopped by Zachary Fucale with a rebound.
19:07 of 2nd period - Slapshot by Juuso Valimaki.
19:07 of 2nd period - Stopped by Zachary Fucale without a rebound.
19:08 of 2nd period - Joe Snively wins face-off versus Dylan Strome in Phantoms zone.
19:52 of 2nd period - Icing by Matthew Benning.
19:53 of 2nd period - Cristoval Nieves wins face-off versus Chase De Leo in Moose zone.
19:56 of 2nd period - Wrist shot by Erik Nystrom.
19:56 of 2nd period - Stopped by Brandon Halverson with a rebound.
19:58 of 2nd period - Wrist shot by Cristoval Nieves.
19:58 of 2nd period - Goal by Cristoval Nieves - Moose : 4 - Phantoms : 4.
19:59 of 2nd period - Dylan Strome wins face-off versus Nick Shore in neutral zone.
Goals for this period are 3 for Moose vs 3 for Phantoms.
Shots for this period are 17 for Moose vs 8 for Phantoms.
3rd period
0:01 of 3rd period - Nick Shore wins face-off versus Dylan Strome in neutral zone.
0:06 of 3rd period - Snap shot by Alex DeBrincat.
0:06 of 3rd period - Stopped by Brandon Halverson with a rebound.
0:31 of 3rd period - Sven Andrighetto is hit by Mathieu Joseph and loses puck.
1:14 of 3rd period - Icing by Juuso Valimaki.
1:15 of 3rd period - Jake Leschyshyn wins face-off versus Lucas Wallmarkk in Moose zone.
1:42 of 3rd period - Matthew Benning is hit by Brenden Kichton and loses puck.
2:07 of 3rd period - Snap shot by Michael McLeod.
2:07 of 3rd period - Goal by Michael McLeod - Moose : 5 - Phantoms : 4.
2:08 of 3rd period - Nick Shore wins face-off versus Dylan Strome in neutral zone.
2:10 of 3rd period - Minor Penalty to Nick Shore for Hooking.
2:11 of 3rd period - Dylan Strome wins face-off versus Michael Bournival in Phantoms zone.
2:47 of 3rd period - Icing by Chase De Leo.
2:48 of 3rd period - Chase De Leo wins face-off versus Sven Andrighetto in Moose zone.
2:52 of 3rd period - Off-side.
2:53 of 3rd period - Sven Andrighetto wins face-off versus Dylan Strome in neutral zone.
4:10 of 3rd period - Penalty to Nick Shore is over, Nick Shore is back on ice.
4:21 of 3rd period - Slapshot by Nick Sorensen.
4:21 of 3rd period - Deflect By Cristoval Nieves.
4:21 of 3rd period - Shot Misses the Net.
4:21 of 3rd period - Puck is out of play.
4:22 of 3rd period - Joe Snively wins face-off versus Jake Leschyshyn in Moose zone.
4:28 of 3rd period - Icing by Erik Cernak.
4:29 of 3rd period - Nick Merkley wins face-off versus Joe Snively in Moose zone.
4:38 of 3rd period - Slapshot by Mirco Mueller.
4:38 of 3rd period - Shot Misses the Net.
4:40 of 3rd period - Slapshot by Mirco Mueller.
4:40 of 3rd period - Shot Misses the Net.
4:42 of 3rd period - Backhand shot by Erik Cernak.
4:42 of 3rd period - Stopped by Zachary Fucale without a rebound.
4:43 of 3rd period - Dylan Strome wins face-off versus Nick Shore in Phantoms zone.
4:44 of 3rd period - Wrist shot by Lane MacDermid.
4:44 of 3rd period - Shot Blocked by Alex DeBrincat.
4:46 of 3rd period - Wrist shot by Nathan Walker.
4:46 of 3rd period - Stopped by Zachary Fucale with a rebound.
4:47 of 3rd period - Minor Penalty to Erik Cernak for Hooking.
4:48 of 3rd period - Nick Shore wins face-off versus Michael McLeod in Moose zone.
4:50 of 3rd period - Minor Penalty to Nick Shore for Interference.
4:51 of 3rd period - Alex DeBrincat wins face-off versus Michael McLeod in Phantoms zone.
5:01 of 3rd period - Snap shot by Michael Bournival.
5:01 of 3rd period - Stopped by Brandon Halverson with a rebound.
5:03 of 3rd period - Slapshot by Alex DeBrincat.
5:03 of 3rd period - Shot Blocked by Roman Josi.
5:05 of 3rd period - Backhand shot by Jake Dotchin.
5:05 of 3rd period - Stopped by Brandon Halverson without a rebound.
5:06 of 3rd period - Michael McLeod wins face-off versus Michael Bournival in Moose zone.
6:16 of 3rd period - Slapshot by Julien Gauthier.
6:16 of 3rd period - Shot Misses the Net.
6:47 of 3rd period - Penalty to Erik Cernak is over, Erik Cernak is back on ice.
6:50 of 3rd period - Penalty to Nick Shore is over, Nick Shore is back on ice.
6:55 of 3rd period - Snap shot by Michael McLeod.
6:55 of 3rd period - Deflect By Mathieu Joseph.
6:55 of 3rd period - Shot Blocked by Reid McNeill.
6:55 of 3rd period - Puck is out of play.
6:56 of 3rd period - Chase De Leo wins face-off versus Joe Snively in Phantoms zone.
7:07 of 3rd period - Erik Cernak is hit by Joe Snively and loses puck.
7:44 of 3rd period - Ludwig Bystrom is hit by Mikko Lehtonen and loses puck.
7:51 of 3rd period - Slapshot by Jake Dotchin.
7:51 of 3rd period - Shot Blocked by Erik Cernak.
8:21 of 3rd period - Reid McNeill is hit by Roman Josi and loses puck.
8:32 of 3rd period - Slapshot by Joe Snively.
8:32 of 3rd period - Stopped by Brandon Halverson with a rebound.
8:34 of 3rd period - Slapshot by Sven Andrighetto.
8:34 of 3rd period - Shot Misses the Net.
8:48 of 3rd period - C.J. Smith is hit by Cristoval Nieves and loses puck.
9:12 of 3rd period - Minor Penalty to Michael McLeod for Holding.
9:13 of 3rd period - Julien Gauthier wins face-off versus Nick Shore in Moose zone.
9:45 of 3rd period - Off-side.
9:46 of 3rd period - Nick Shore wins face-off versus Jake Leschyshyn in neutral zone.
11:12 of 3rd period - Penalty to Michael McLeod is over, Michael McLeod is back on ice.
11:17 of 3rd period - Slapshot by Michael McLeod.
11:17 of 3rd period - Goal by Michael McLeod - Moose : 6 - Phantoms : 4.
11:18 of 3rd period - Nick Shore wins face-off versus Michael McLeod in neutral zone.
11:27 of 3rd period - Wrist shot by Nick Shore.
11:27 of 3rd period - Shot Misses the Net.
11:50 of 3rd period - Slapshot by Nathan Walker.
11:50 of 3rd period - Shot Misses the Net.
12:04 of 3rd period - Snap shot by Nick Merkley.
12:04 of 3rd period - Stopped by Zachary Fucale without a rebound.
12:05 of 3rd period - Jake Leschyshyn wins face-off versus Cristoval Nieves in Phantoms zone.
12:12 of 3rd period - Snap shot by Nick Merkley.
12:12 of 3rd period - Stopped by Zachary Fucale without a rebound.
12:13 of 3rd period - Dylan Strome wins face-off versus Nick Shore in Phantoms zone.
12:38 of 3rd period - Snap shot by Cristoval Nieves.
12:38 of 3rd period - Stopped by Brandon Halverson without a rebound.
12:39 of 3rd period - Cristoval Nieves wins face-off versus Michael McLeod in Moose zone.
12:40 of 3rd period - Wrist shot by Erik Nystrom.
12:40 of 3rd period - Stopped by Brandon Halverson with a rebound.
12:49 of 3rd period - Off-side.
12:50 of 3rd period - Nick Shore wins face-off versus Dylan Strome in neutral zone.
12:59 of 3rd period - Snap shot by Nathan Walker.
12:59 of 3rd period - Stopped by Zachary Fucale without a rebound.
13:00 of 3rd period - Nick Shore wins face-off versus Dylan Strome in Phantoms zone.
13:23 of 3rd period - Wrist shot by Dylan Strome.
13:23 of 3rd period - Deflect By Nathan Walker.
13:23 of 3rd period - Shot Misses the Net.
13:23 of 3rd period - Puck is out of play.
13:24 of 3rd period - Michael McLeod wins face-off versus Joe Snively in Phantoms zone.
13:25 of 3rd period - Snap shot by Jordan Greenway.
13:25 of 3rd period - Shot Misses the Net.
14:02 of 3rd period - Devon Teows is hit by Jordan Greenway and loses puck.
14:14 of 3rd period - Icing by Ludwig Bystrom.
14:15 of 3rd period - Erik Nystrom wins face-off versus Mathieu Joseph in Moose zone.
15:30 of 3rd period - Snap shot by Sven Andrighetto.
15:30 of 3rd period - Stopped by Brandon Halverson without a rebound.
15:31 of 3rd period - Jake Leschyshyn wins face-off versus Sven Andrighetto in Moose zone.
15:38 of 3rd period - Wrist shot by Nick Merkley.
15:38 of 3rd period - Shot Misses the Net.
15:40 of 3rd period - Snap shot by Boris Katchouk.
15:40 of 3rd period - Deflect By Jake Leschyshyn.
15:40 of 3rd period - Shot Misses the Net.
15:40 of 3rd period - Puck is out of play.
15:41 of 3rd period - Chase De Leo wins face-off versus Joe Snively in Phantoms zone.
15:45 of 3rd period - Minor Penalty to Morgan Klimchuk for Tripping.
15:46 of 3rd period - Dylan Strome wins face-off versus Michael Bournival in Phantoms zone.
15:59 of 3rd period - Icing by Nathan Walker.
16:00 of 3rd period - Michael Bournival wins face-off versus Nathan Walker in Moose zone.
16:01 of 3rd period - Snap shot by Alex DeBrincat.
16:01 of 3rd period - Shot Misses the Net.
16:03 of 3rd period - Slapshot by Reid McNeill.
16:03 of 3rd period - Stopped by Brandon Halverson without a rebound.
16:04 of 3rd period - Michael Bournival wins face-off versus Dylan Strome in Moose zone.
16:38 of 3rd period - Reid McNeill is hit by Mathieu Joseph and loses puck.
17:45 of 3rd period - Penalty to Morgan Klimchuk is over, Morgan Klimchuk is back on ice.
18:33 of 3rd period - Joe Snively is hit by Mathieu Joseph and loses puck.
19:14 of 3rd period - Backhand shot by Devon Teows.
19:14 of 3rd period - Deflect By Ludwig Bystrom.
19:14 of 3rd period - Stopped by Brandon Halverson without a rebound.
19:15 of 3rd period - Nick Shore wins face-off versus C.J. Smith in Moose zone.
19:20 of 3rd period - Slapshot by Devon Teows.
19:20 of 3rd period - Stopped by Brandon Halverson with a rebound.
19:41 of 3rd period - Icing by Alex DeBrincat.
19:42 of 3rd period - Alex DeBrincat wins face-off versus Dylan Strome in Phantoms zone.
19:49 of 3rd period - Minor Penalty to Erik Cernak for Tripping.
19:50 of 3rd period - Nick Shore wins face-off versus Michael McLeod in Moose zone.
19:51 of 3rd period - Snap shot by Alex DeBrincat.
19:51 of 3rd period - Stopped by Brandon Halverson without a rebound.
19:52 of 3rd period - Nick Shore wins face-off versus Michael McLeod in Moose zone.
19:53 of 3rd period - Snap shot by Alex DeBrincat.
19:53 of 3rd period - Shot Misses the Net.
19:55 of 3rd period - Slapshot by Reid McNeill.
19:55 of 3rd period - Shot Misses the Net.
19:57 of 3rd period - Snap shot by Alex DeBrincat.
19:57 of 3rd period - Stopped by Brandon Halverson without a rebound.
19:58 of 3rd period - Nick Shore wins face-off versus Nathan Walker in Moose zone.
Goals for this period are 2 for Moose vs 0 for Phantoms.
Shots for this period are 7 for Moose vs 12 for Phantoms.